 Dungeon Crawl Stone Soup version 0.29.1-12-g30fa7ad0bf (webtiles) character file.

Game seed: 16417255378461466850

11 hawla the Firebug (level 2, 0/20 HPs)
             Began as a Meteoran Fire Elementalist on Jan 11, 2023.
             Slain by an endoplasm (1 damage)
             ... on level 4 of the Dungeon.
             The game lasted 00:01:15 (150 turns).

hawla the Firebug (Meteoran Fire Elementalist)       Turns: 150, Time: 00:01:16

Health: 0/20       AC:  2    Str:  9    XL:     2   Next: 52%
Magic:  0/6        EV: 12    Int: 16    God:
Gold:   22         SH:  0    Dex: 14    Spells: 5/6 levels left

rFire   . . .      SeeInvis .   (no weapon)
rCold   . . .      Faith    .   (no shield)
rNeg    . . .      Spirit   .   a - +0 robe
rPois   .          Reflect  .   (no helmet)
rElec   .          Harm     .   (no cloak)
rCorr   .          Rampage  .   (no gloves)
Will    .....                   (no boots)
Stlth   +.........              (no amulet)
HPRegen 0.06/turn               (no ring)
MPRegen 0.10/turn               (no ring)

@: very slightly contaminated, glowing
A: sense surroundings 1, otherworldly, glowing, explore regen
a: no special abilities


You were on level 4 of the Dungeon.
You visited 1 branch of the dungeon, and saw 4 of its levels.

You collected 22 gold pieces.

Inventory:

Armour
 a - a +0 robe (worn)
Potions
 b - a potion of magic


   Skills:
 + Level 2.6 Dodging
 - Level 1.4 Stealth
 + Level 2.8 Spellcasting
 + Level 1.2 Conjurations
 + Level 4.2 Fire Magic


You had 5 spell levels left.
You knew the following spells:

 Your Spells              Type           Power      Damage    Failure   Level
a - Foxfire               Conj/Fire      44%        2x1d6     6%          1

Your spell library contained the following spells:

 Spells                   Type           Power      Damage    Failure   Level
 Scorch                   Fire           30%        2d6       4%          2
 Conjure Flame            Conj/Fire      11%        6-21      19%         3
 Inner Flame              Hex/Fire       9%         N/A       24%         3
 Flame Wave               Conj/Fire      11%        2d6       52%         4


Dungeon Overview and Level Annotations

Branches:
Dungeon (4/15) Zot: 2249
 Temple: D:4-7

Altars:


Innate Abilities, Weirdness & Mutations

You passively map a small area around you.
You are easily found by Zot.
You glow in the dark.
You regain HP and MP as you explore.


Message History

The iguana is lightly wounded.
The iguana bites you. The endoplasm hits you.
Casting: Foxfire (safe; 6% risk of failure)
Confirm with . or Enter, or press ? or * to list all spells.
You don't know that spell.
Unknown command.
Casting: Foxfire (safe; 6% risk of failure)
Confirm with . or Enter, or press ? or * to list all spells.
You miscast Foxfire.
Nothing appears to happen.
The endoplasm barely misses you. The goblin hits you with a +0 club.
The iguana bites you.
* * * LOW HITPOINT WARNING * * *
Unknown command.
You aren't carrying any scrolls.
Okay, then.
Casting: Foxfire (safe; 6% risk of failure)
Confirm with . or Enter, or press ? or * to list all spells.
You conjure some foxfire!
The endoplasm freezes you.
You are frozen.
* * * LOW HITPOINT WARNING * * *
The iguana misses you. The goblin barely misses you.
You are too injured to fight recklessly!
You closely miss the goblin.
The goblin is severely wounded.
The foxfire hits the iguana.
The iguana is lightly wounded.
The foxfire hits the goblin.
You kill the goblin!
The endoplasm closely misses you.
The iguana bites you but does no damage.
Casting: Foxfire (safe; 6% risk of failure)
Confirm with . or Enter, or press ? or * to list all spells.
You conjure some foxfire!
The endoplasm misses you. The iguana barely misses you.
The foxfire hits the hobgoblin.
The hobgoblin is lightly wounded.
Casting: Foxfire (safe; 6% risk of failure)
Confirm with . or Enter, or press ? or * to list all spells.
You conjure some foxfire!
The endoplasm hits you.
You die...

,,# #####.#
#.#.#.#.#.#
,
......lvJ.#
* ,#@# *,
......gvv#
#.#.#.#.##
,...... ,,
#.# #.#* ,
... ,...
#.# *,#.#
.. , ...


You could see an iguana (ally target), an endoplasm and a hobgoblin (ally
target).

Vanquished Creatures
  2 orcs (D:3)
  2 bats (D:1)
  A giant cockroach (D:1)
  A goblin (D:4)
  A ball python (D:1)
  A frilled lizard (D:1)
8 creatures vanquished.

Vanquished Creatures (others)
  15 foxfires
15 creatures vanquished.

Grand Total: 23 creatures vanquished

Notes
Turn   | Place    | Note
-------+----------+-------------------------------------------
     0 | D:1      | hawla the Meteoran Fire Elementalist began the quest for
                  | the Orb.
     0 | D:1      | Reached XP level 1. HP: 14/14 MP: 5/5
    37 | D:1      | Reached skill level 4 in Fire Magic
    37 | D:1      | Reached XP level 2. HP: 20/20 MP: 2/6
   147 | D:4      | HP: 1/20 [frozen (3)]
   150 | D:4      | Slain by an endoplasm

Illustrated notes

Levels and vault maps discovered:
D:1:      minmay_arrival_open_corners, layout_rooms,
          shapermc_ecumenical_altar_ellora
D:2:      minmay_wonky_spiral, layout_basic, uniq_robin
D:3:      layout_basic, serial_glass, glass_columns_c, glass_columns_c,
          portal_sewer_entry_d, nicolae_eternal_life
D:4:      layout_gridville, old_standard_altar, minitemple,
          mainiacjoe_overflow_swirl, st_stairs_10, kennysheep_dice

Skill      XL: |  1 |
---------------+----+-----
Fire Magic     | 4 |  4.2
Dodging        | |  2.6
Stealth        | |  1.4
Spellcasting   | |  2.8
Conjurations   | |  1.2

Action                   || total
-------------------------++-------
Melee: Unarmed           ||     2
 Cast: Foxfire           ||    11
  Use: Scroll            ||     1
Armor: Robe              ||     2
Dodge: Dodged            ||    10
